 Dungeon Crawl Stone Soup version 0.31.0 (webtiles) character file.

Game seed: 17697002627584612867

1358 qw the Skirmisher (level 8, -1/51 HPs)
             Began as a Gargoyle Hunter on Jan 20, 2024.
             Slain by a wight
             ... wielding a +2 dire flail
              (15 damage)
             ... on level 6 of the Dungeon.
             The game lasted 00:00:16 (3588 turns).

qw the Skirmisher (Gargoyle Hunter)                 Turns: 3588, Time: 00:00:16

Health: -1/51      AC: 14    Str: 13    XL:     8   Next: 64%
Magic:  8/8        EV: 12    Int:  9    God:
Gold:   243        SH:  0    Dex: 23    Spells: 7/7 levels left

rFire   . . .        l - +7 sling of the Smoking Madman {flame, rPois rN+ Str-3 Dex+2}
rCold   . . .        (no shield)
rNeg    + + .        j - +0 ring mail
rPois   inf          h - +2 helmet
rElec   +            k - scarf {repulsion}
rCorr   .            (no gloves)
SInv    +            (no boots)
Will    .....        (no amulet)
Stlth   ++           o - +6 ring of dexterity
HPRegen 0.28/turn    q - ring of see invisible
MPRegen 0.11/turn

%: repel missiles
@: no status effects
A: sickness immunity, AC +5, negative energy resistance 1, electricity
resistance, torment resistance 1, petrification resistance
a: no special abilities


You were on level 6 of the Dungeon.
You visited 1 branch of the dungeon, and saw 6 of its levels.

You collected 243 gold pieces.


Innate Abilities, Weirdness & Mutations

You are immune to sickness and miasma.
Your stone body is resilient. (AC +5)
You are immune to poison.
You resist negative energy. (rN+)
You are resistant to electric shocks. (rElec)
You are resistant to unholy torment.
You are immune to petrification.


   Skills:
 - Level 6.1 Fighting
 - Level 9.0 Ranged Weapons
 - Level 2.9 Armour
 + Level 2.5 Dodging
 - Level 1.1 Stealth


You had 7 spell levels left.
You didn't know any spells.
Your spell library was empty.

Inventory:

Hand Weapons
 l - the +7 sling of the Smoking Madman (weapon) {flame, rPois rN+ Str-3 Dex+2}
   (You found it on level 3 of the Dungeon)

   Str-3:     It affects your strength (-3).
   Dex+2:     It affects your dexterity (+2).
   rPois:     It protects you from poison rN+: It protects you from negative
   energy.
Armour
 h - a +2 helmet (worn)
 j - a +0 ring mail (worn)
 k - a scarf of repulsion (worn)
Jewellery
 o - a +6 ring of dexterity (left hand)
 q - a ring of see invisible (right hand)
Wands
 p - a wand of quicksilver (12)
Scrolls
 c - 2 scrolls of enchant armour
 d - 2 scrolls of teleportation
 i - a scroll of brand weapon
Potions
 a - a potion of haste
 b - 2 potions of brilliance {unknown}
 e - a potion of heal wounds
 f - a potion of might
 g - 2 potions of curing
 m - 2 potions of mutation
 n - a potion of enlightenment
 r - a potion of degeneration {unknown}
 s - a potion of cancellation {unknown}
 u - a potion of berserk rage {unknown}

Dungeon Overview and Level Annotations

Branches:
Dungeon (6/15)
 Temple: D:4-7

Altars:
Gozag
Makhleb


Message History

3581 ||| RETREEEEATING.
The wight attacks as it pursues you! The wight closely misses you.
You shoot a sling bullet.
The sling bullet barely misses the wight.
The sling bullet hits the wight!
The sling bullet burns the wight.
You destroy the wight!
The wight hits you but does no damage.
The wight hits you with a +2 dire flail!
You shoot a sling bullet. The sling bullet hits the wight.
The sling bullet burns the wight.
The wight is heavily damaged.
The wight hits you but does no damage.
You shoot a sling bullet.
The sling bullet hits the wight but does no damage.
The wight is heavily damaged.
A gnoll comes into view. It is wielding a +0 spear.
The wight barely misses you.
You shoot a sling bullet. The sling bullet hits the wight.
The sling bullet burns the wight.
The wight is severely damaged.
A gnoll comes into view. It is wielding a +0 flail.
The wight hits you with a +2 dire flail.
You shoot a sling bullet.
The sling bullet barely misses the wight.
The gnoll shouts!
The sling bullet hits the orc wizard.
The sling bullet burns the orc wizard.
The orc wizard is heavily wounded.
A gnoll comes into view. It is wielding a +0 club.
The wight barely misses you.
You shoot a sling bullet. The gnoll shouts!
The sling bullet hits the wight but does no damage.
The wight is severely damaged.
The wight misses you.
You shoot a sling bullet.
The sling bullet hits the wight but does no damage.
The wight is severely damaged.
You hear a shout!
The wight hits you with a +2 dire flail!
You die...

#))..g)..
#........
#........
#g.).....
##.)....#.
#gg......#
#o#.......
#z#......#
#@#.....#.
#.#.......
#.#.......
#.#.......
#.########
#.#
#.#######
#.#.....#
###.....#.#


You could see a gnoll sergeant, a wight, an orc wizard (invisible) and 2 gnolls.

Vanquished Creatures
  Menkaure (D:4)
  A water moccasin (D:5)
  2 black bears
  2 phantoms (D:5)
  A scorpion (D:4)
  2 wights (D:6)
  5 orc priests
  A hound (D:5)
  An iguana (D:4)
  3 jellies
  A sleepcap (D:5)
  Ijyb (D:5)
  2 orc wizards
  7 gnolls
  8 adders
  2 ufetubi (D:4)
  2 dart slugs
  A ribbon worm (D:3)
  16 orcs
  8 endoplasms
  4 giant cockroaches
  6 goblins
  6 hobgoblins
  5 quokkas
  6 ball pythons
  4 bats
  4 kobolds
  2 rats (D:1)
104 creatures vanquished.

Notes
Turn   | Place    | Note
-------+----------+-------------------------------------------
     0 | D:1      | qw the Gargoyle Hunter began the quest for the Orb.
     0 | D:1      | Reached XP level 1. HP: 12/12 MP: 1/1
     0 | D:1      | 0 ||| qw: Version: 0.3-a-132-g3d54051
     0 | D:1      | 0 ||| qw: Game counter: 464
     0 | D:1      | 0 ||| qw: Melee chars always use a shield: true
     0 | D:1      | 0 ||| qw: God list: Okawaru
     0 | D:1      | 0 ||| qw: Allow faded altars: false
     0 | D:1      | 0 ||| qw: Do Orc after clearing Dungeon:15 true
     0 | D:1      | 0 ||| qw: Do second Lair branch before Depths: true
     0 | D:1      | 0 ||| qw: Lair rune preference: random
     0 | D:1      | 0 ||| qw: Goals: Normal
     0 | D:1      | 0 ||| PLANNING D:1-11
   152 | D:1      | Reached XP level 2. HP: 16/17 MP: 2/2
   520 | D:1      | Reached XP level 3. HP: 21/21 MP: 3/3
   800 | D:1      | Reached skill level 5 in Ranged Weapons
   835 | D:1      | 835 ||| UPGRADING to +2 helmet.
   840 | D:1      | 840 ||| READING scroll labelled NIGAYD RUER.
   841 | D:1      | 841 ||| READING scroll labelled XIKINA FAAPLA.
   841 | D:1      | 841 ||| IDENTIFYING metallic purple potion
   842 | D:1      | 842 ||| DROPPING scroll of butterflies.
   843 | D:1      | 843 ||| DROPPING potion of ambrosia.
  1478 | D:2      | 1478 ||| UPGRADING to +0 ring mail.
  1488 | D:2      | 1488 ||| DROPPING +0 leather armour.
  1489 | D:2      | 1489 ||| READING scroll of identify.
  1489 | D:2      | 1489 ||| IDENTIFYING red potion
  1490 | D:2      | 1490 ||| READING 2 scrolls labelled ZECUROOKHU.
  1491 | D:2      | 1491 ||| READING 2 scrolls labelled VIRPHO UNTATUH.
  1492 | D:2      | 1492 ||| FLEEEEING.
  1494 | D:2      | 1494 ||| DRINKING 2 puce potions.
  1495 | D:2      | 1495 ||| DRINKING 3 dark potions.
  1496 | D:2      | 1496 ||| DROPPING scroll of noise.
  1513 | D:3      | Reached skill level 1 in Armour
  1513 | D:3      | Reached XP level 4. HP: 27/27 MP: 4/4
  1534 | D:3      | Reached skill level 3 in Fighting
  1639 | D:3      | Identified the +7 sling of the Smoking Madman {flame, rPois
                  | rN+ Str-3 Dex+2}
  1641 | D:3      | 1641 ||| SWAPPING to +7 sling of the Smoking Madman {flame,
                  | rPois rN+ Str-3 Dex+2}.
  1642 | D:3      | 1642 ||| DROPPING +0 shortbow.
  1909 | D:3      | Found an opulent altar of Gozag.
  2210 | D:3      | 2210 ||| UPGRADING to scarf of repulsion.
  2215 | D:3      | 2215 ||| READING 5 scrolls of identify.
  2215 | D:3      | 2215 ||| IDENTIFYING metallic cyan potion
  2216 | D:3      | 2216 ||| READING 4 scrolls of identify.
  2216 | D:3      | 2216 ||| IDENTIFYING 2 sedimented yellow potions
  2217 | D:3      | 2217 ||| READING 3 scrolls of identify.
  2217 | D:3      | 2217 ||| IDENTIFYING scroll labelled GEERUQ HOYNT
  2218 | D:3      | 2218 ||| READING 2 scrolls of identify.
  2218 | D:3      | 2218 ||| IDENTIFYING scroll labelled NEGORAA PYKO
  2219 | D:3      | 2219 ||| READING scroll of identify.
  2219 | D:3      | 2219 ||| IDENTIFYING scroll labelled MUASOCZAGO
  2220 | D:3      | 2220 ||| DROPPING scroll of blinking.
  2265 | D:4      | Noticed a black bear
  2268 | D:4      | Killed a black bear
  2269 | D:4      | Reached skill level 6 in Ranged Weapons
  2269 | D:4      | Reached XP level 5. HP: 32/32 MP: 5/5
  2300 | D:4      | 2300 ||| DRINKING 3 potions of curing.
  2300 | D:4      | 2300 ||| (to cure confusion)
  2302 | D:4      | Reached XP level 6. HP: 38/38 MP: 6/6
  2353 | D:4      | Reached skill level 7 in Ranged Weapons
  2473 | D:4      | Reached XP level 7. HP: 36/43 MP: 7/7
  2474 | D:4      | 2474 ||| FLEEEEING.
  2475 | D:4      | 2475 ||| FLEEEEING.
  2476 | D:4      | 2476 ||| FLEEEEING.
  2477 | D:4      | 2477 ||| FLEEEEING.
  2478 | D:4      | 2478 ||| FLEEEEING.
  2479 | D:4      | 2479 ||| FLEEEEING.
  2480 | D:4      | 2480 ||| FLEEEEING.
  2538 | D:4      | Noticed Menkaure
  2541 | D:4      | 2541 ||| FLEEEEING.
  2547 | D:4      | 2547 ||| FLEEEEING.
  2548 | D:4      | 2548 ||| FLEEEEING.
  2549 | D:4      | 2549 ||| FLEEEEING.
  2550 | D:4      | 2550 ||| FLEEEEING.
  2551 | D:4      | 2551 ||| FLEEEEING.
  2552 | D:4      | 2552 ||| FLEEEEING.
  2553 | D:4      | 2553 ||| FLEEEEING.
  2559 | D:4      | Killed Menkaure
  2560 | D:4      | Reached skill level 8 in Ranged Weapons
  2686 | D:4      | Found a burning altar of Makhleb.
  2828 | D:4      | 2828 ||| UPGRADING to +6 ring of dexterity.
  2829 | D:4      | 2829 ||| UPGRADING to ring of see invisible.
  2830 | D:4      | 2830 ||| READING 2 scrolls of identify.
  2830 | D:4      | 2830 ||| IDENTIFYING scroll labelled PEVIEP FUIXULL
  2831 | D:4      | 2831 ||| READING scroll of identify.
  2831 | D:4      | 2831 ||| IDENTIFYING scroll labelled BEOMPY HOESK
  2832 | D:4      | 2832 ||| READING 3 scrolls labelled POGGAG LEMPALO.
  2833 | D:4      | 2833 ||| DROPPING scroll of fear.
  2834 | D:4      | 2834 ||| DROPPING scroll of silence.
  2835 | D:4      | 2835 ||| DROPPING 2 scrolls of immolation.
  2858 | D:5      | Entered Level 5 of the Dungeon
  2914 | D:5      | Noticed Ijyb
  2925 | D:5      | Killed Ijyb
  3153 | D:5      | Reached XP level 8. HP: 50/50 MP: 8/8
  3486 | D:5      | 3486 ||| READING scroll of identify.
  3486 | D:5      | 3486 ||| IDENTIFYING lumpy grey potion
  3487 | D:5      | 3487 ||| DRINKING 2 coppery potions.
  3488 | D:5      | 3488 ||| DROPPING potion of attraction.
  3553 | D:6      | Reached skill level 9 in Ranged Weapons
  3570 | D:6      | 3570 ||| RETREEEEATING.
  3571 | D:6      | 3571 ||| RETREEEEATING.
  3577 | D:6      | Reached skill level 6 in Fighting
  3581 | D:6      | 3581 ||| RETREEEEATING.
  3588 | D:6      | Slain by a wight

Levels and vault maps discovered:
D:1:      dpeg_arrival_round_c, layout_loops_ring,
          amcnicky_mini_corridor_feature, chequers_avenue
D:2:      layout_basic
D:3:      layout_basic, lemuel_doored_altar, grunt_ministairs_11
D:4:      layout_cave_pools, lightli_temple_of_fire, uniq_menkaure
D:5:      layout_basic, uniq_ijyb
D:6:      layout_basic, mainiacjoe_overflow_cross_hatched,
          mainiacjoe_overflow_catch_the_wave, minmay_temple_entry_crystal_x,
          uniq_maggie, uniq_pikel

Skill      XL: |  1  2  3  4  5  6  7  8 |
---------------+-------------------------+-----
Ranged Weapons | 5 6 7 8 9 |  9.0
Armour         | 1 2 |  2.9
Fighting       | 3 4 5 6 |  6.1
Dodging        | 2 |  2.5
Stealth        | |  1.1

Action                     |  1- 3 |  4- 6 |  7- 9 || total
---------------------------+-------+-------+-------++-------
   Fire: Shortbow          |   106 |    14 |       ||   120
         Sling             |       |    79 |   102 ||   181
    Use: Scroll            |     5 |     5 |     4 ||    14
         Potion            |     2 |     1 |     1 ||     4
 Armour: Leather armour    |    31 |       |       ||    31
         Ring mail         |     5 |    25 |    15 ||    45
  Dodge: Dodged            |    30 |    20 |    11 ||    61

Table legend:
 A = Non-vault XP
 B = Vault XP
 C = Vault XP percentage of total XP
 D = Non-vault monster count
 E = Vault monster count
 F = Vault count percentage of total count
                 A         B        C        D         E       F
            +---------+---------+-------+---------+---------+-------
      Total |    1715 |     226 |  11.6 |     100 |       4 |   3.8
            +---------+---------+-------+---------+---------+-------
        D:1 |      42 |       0 |   0.0 |      24 |       0 |   0.0
        D:2 |      26 |       0 |   0.0 |       7 |       0 |   0.0
        D:3 |      60 |      15 |  20.0 |      11 |       2 |  15.4
        D:4 |     527 |     175 |  24.9 |      30 |       1 |   3.2
        D:5 |     781 |      36 |   4.4 |      19 |       1 |   5.0
        D:6 |     279 |       0 |   0.0 |       9 |       0 |   0.0
            +---------+---------+-------+---------+---------+-------
